 Dungeon Sprint DCSS version 0.29-a0-307-gecccbbdb84 (webtiles) character file.

Game seed: 18328282266795578516

2106 Conn the Arsonist (level 9, -1/54 HPs)
             Began as an Octopode Fire Elementalist on Mar 27, 2022.
             Was a Believer of Sif Muna.
             Slain by a polar bear (4 damage)
             ... in the Dungeon (Sprint II: "The Violet Keep of Menkaure").
             The game lasted 00:14:43 (1306 turns).

Conn the Arsonist (Octopode Fire Elementalist)      Turns: 1306, Time: 00:14:43

Health: -1/54      AC:  1    Str:  8    XL:     9   Next: 28%
Magic:  17/22      EV: 15    Int: 27    God:    Sif Muna [**....]
Gold:   569        SH:  0    Dex: 12    Spells: 6/26 levels left

rFire   . . .      SeeInvis .   t - +2 dagger
rCold   . . .      Faith    .   (no shield)
rNeg    . . .      Spirit   .   (helmet restricted)
rPois   .          Reflect  .   (no amulet)
rElec   .          Harm     .   l - ring of wizardry
rCorr   .          Rampage  .   n - +6 ring of intelligence
Will    +....      NoTele   +   k - ring of willpower
Stlth   +++++.....              (no ring)
HPRegen 0.18/turn               (no ring)
MPRegen 0.18/turn               (no ring)
                                (no ring)
                                (no ring)

@: no status effects
A: almost no armour, amphibious, 8 rings, camouflage 1, gelatinous body 1,
(nimble swimmer 1), tentacles, MP-powered wands
a: Renounce Religion, Channel Magic


You were in the Dungeon.
You worshipped Sif Muna.
Sif Muna was pleased with you.
You visited 1 branch You collected 569 gold pieces.

Inventory:

Hand Weapons
 c - a +0 triple crossbow
 t - a +2 dagger (weapon)
Armour
 s - a +0 buckler
Jewellery
 k - a ring of willpower (on tentacle)
 l - a ring of wizardry (left tentacle)
 n - a +6 ring of intelligence (right tentacle)
Scrolls
 f - a scroll of blinking
 g - a scroll of fog
Potions
 a - 3 potions of magic
 b - a potion of curing
 d - a potion of lignification
 e - 2 potions of resistance
 i - a potion of might
 m - 4 potions of flight


   Skills:
 + Level 1.7 Fighting
 + Level 6.4 Dodging
 + Level 7.8 Stealth
 + Level 9.4 Spellcasting
 * Level 7.0 Conjurations
 + Level 3.1 Hexes
 + Level 2.4 Necromancy
 + Level 2.4 Translocations
 + Level 13.5 Fire Magic
 * Level 2.7 Invocations


You had 6 spell levels left.
You knew the following spells:

 Your Spells              Type           Power      Damage    Failure   Level
a - Foxfire               Conj/Fire      100%       2x1d9     1%          1
b - Conjure Flame         Conj/Fire      62%        6-21      1%          3
c - Inner Flame           Hex/Fire       55%        N/A       1%          3
d - Flame Wave            Conj/Fire      62%        2d12      1%          4
e - Scorch                Fire           100%       2d10      1%          2
f - Teleport Other        Tloc           25%        N/A       1%          3
g - Animate Dead          Necr           13%        N/A       6%          4

Your spell library contained the following spells:

 Spells                   Type           Power      Damage    Failure   Level
 Gell's Gravitas          Tloc           25%        N/A       1%          3
 Lesser Beckoning         Tloc           25%        N/A       1%          3
 Haunt                    Necr/Summ      9%         N/A       100%        7
 Infestation              Necr           13%        N/A       100%        8


Dungeon Overview and Level Annotations

Branches:
Dungeon (1/1)

Altars:
Cheibriados
Dithmenos
Elyvilon
Fedhas
Gozag
Hepliaklqana
Kikubaaqudgha
Makhleb
Nemelex Xobeh
Okawaru
Qazlal
Ru
Sif Muna
Trog
Uskayaw
Vehumet
Wu Jian
Xom
Yredelemnul
Zin
The Shining One
Beogh
Jiyva
Lugonu

Annotations:
D exclusion: orange crystal statue


Innate Abilities, Weirdness & Mutations

You cannot wear most types of armour.
You are amphibious.
You can wear up to eight rings at the same time.
Your skin changes colour to match your surroundings (Stealth+).
Your rubbery body absorbs attacks. (AC +1, EV +1)
((You are camouflaged when in or above water. (Stealth+)))
You have tentacles for arms and can constrict up to eight enemies at once.
You expend magic power (3 MP) to strengthen your wands.


Message History

Confirm with . or Enter, or press ? or * to list all spells.
Aiming: Inner Flame (safe; 1% risk of failure)
Press: ? - help, Dir - move target, f - polar bear
Aim: a polar bear (lightly wounded, chance to affect: 94%)
Okay, then.
Really wriggle into a travel-excluded area?
The polar bear attacks as you move away!
The polar bear bites you. The polar bear claws you. x2
There is an open door here.
Casting: Inner Flame (safe; 1% risk of failure)
Confirm with . or Enter, or press ? or * to list all spells.
Aiming: Inner Flame (safe; 1% risk of failure)
Press: ? - help, Dir - move target, f - polar bear
Aim: a polar bear (lightly wounded, chance to affect: 94%)
The polar bear is filled with an inner flame.
The polar bear bites you! The polar bear closely misses you.
The polar bear claws you but does no damage.
Unknown command.
Casting: Inner Flame (safe; 1% risk of failure)
Confirm with . or Enter, or press ? or * to list all spells.
Flames lash the polar bear.
Flame seeps out of the polar bear.
The polar bear is moderately wounded.
The polar bear's fire resistance burns away.
The polar bear is engulfed in blazing flames.
Flame seeps out of the polar bear.
The polar bear bites you!
* * * LOW HITPOINT WARNING * * *
The polar bear claws you.
* * * LOW HITPOINT WARNING * * *
The polar bear claws you.
* * * LOW HITPOINT WARNING * * *
Casting: Scorch (safe; 1% risk of failure)
Confirm with . or Enter, or press ? or * to list all spells.
Okay, then.
Unknown command.
Unknown command.
Unknown command.
The polar bear attacks as you move away!
The polar bear closely misses you. The polar bear barely misses you.
The polar bear claws you.
You die...

.#.##.#### +.####|)▓...(.))[▓▓
.#..# ...# ...####▓.[....[.▓▓
...####..## #.^# $#▓[...).([▓▓
#†###.##..# +..# .#▓.()..[[.▓▓
#†##..##..# #..# .#▓[(.).)..▓▓
.<.'.##'..####..##.#▓(.)....[▓▓
#.##.#.#....###...##▓▓▓▓▓▓▓'▓▓▓▓+
#+###.##......≈≈h≈≈≈≈≈≈≈≈≈≈...≈≈≈
###≈≈.§...≈#@########§###.≈≈≈
#≈≈≈≈≈≈≈..≈#..._._._#§§≈##≈≈≈
#≈≈≈§≈≈≈≈.≈#_._._._.#†≈≈≈####
#≈≈≈≈≈≈≈≈≈≈≈#._._._._#§§§§≈##
≈≈≈≈≈≈≈≈§≈≈≈≈#_._._._.#§§§§§§#
+++#≈≈≈§§≈≈≈≈#._._._..#§≈≈≈≈≈+
##≈≈≈###§≈#_._._...#≈≈§≈§§#
#≈§#._._....#≈≈≈≈≈≈▓
#§§#.._.....#≈≈≈§▓▓▓


You could see a polar bear (inner flame, combustible).

Vanquished Creatures
  A yaktaur (D)
  2 polar bears (D)
  A hornet (D)
  4 neqoxecs (D)
  Menkaure (D)
  4 water moccasins (D)
  4 necrophages (D)
17 creatures vanquished.

Vanquished Creatures (others)
  A kraken (D)
  39 foxfires (D)
  23 tentacles (D)
63 creatures vanquished.

Grand Total: 80 creatures vanquished

Notes
Turn   | Place    | Note
-------+----------+-------------------------------------------
     0 | D        | Conn the Octopode Fire Elementalist began the quest for the
                  | Orb.
     0 | D        | Reached XP level 1. HP: 11/11 MP: 3/3
     1 | D        | Noticed a necrophage
     1 | D        | Noticed a necrophage
     1 | D        | Noticed a necrophage
     1 | D        | Noticed a necrophage
    12 | D        | Killed a necrophage
    13 | D        | Reached skill level 6 in Fire Magic
    13 | D        | Reached XP level 2. HP: 17/17 MP: 0/6
    13 | D        | Reached XP level 3. HP: 21/21 MP: 0/8
    13 | D        | Reached XP level 4. HP: 27/27 MP: 0/9
    17 | D        | Killed a necrophage
    18 | D        | Reached skill level 7 in Fire Magic
    18 | D        | Reached XP level 5. HP: 31/31 MP: 0/11
    24 | D        | Reached skill level 5 in Stealth
    24 | D        | Reached skill level 5 in Spellcasting
    24 | D        | Reached skill level 8 in Fire Magic
    30 | D        | Reached skill level 9 in Fire Magic
    30 | D        | Reached XP level 6. HP: 16/37 MP: 1/14
    70 | D        | Learned a level 3 spell: Conjure Flame
    74 | D        | Learned a level 3 spell: Inner Flame
    79 | D        | Learned a level 4 spell: Flame Wave
    82 | D        | Learned a level 2 spell: Scorch
    82 | D        | Noticed an orange crystal statue
    84 | D        | Noticed Menkaure
    86 | D        | Killed Menkaure
    87 | D        | Reached skill level 5 in Dodging
    87 | D        | Reached skill level 10 in Fire Magic
   101 | D        | Noticed a neqoxec
   101 | D        | Noticed a neqoxec
   101 | D        | Noticed a neqoxec
   101 | D        | Noticed a neqoxec
   107 | D        | Gained mutation: You expend magic power (3 MP) to
                  | strengthen your wands. [a neqoxec]
   109 | D        | Killed a neqoxec
   110 | D        | Reached skill level 11 in Fire Magic
   110 | D        | Reached XP level 7. HP: 23/42 MP: 10/16
   110 | D        | Killed a neqoxec
   111 | D        | Killed a neqoxec
   112 | D        | Reached skill level 1 in Hexes
   112 | D        | Reached skill level 12 in Fire Magic
   112 | D        | Killed a neqoxec
   113 | D        | Reached skill level 1 in Fighting
   113 | D        | Reached XP level 8. HP: 13/48 MP: 4/19
   138 | D        | Found a glowing golden altar of the Shining One.
   138 | D        | Found an ornate altar of the Wu Jian Council.
   139 | D        | Found a shimmering altar of Xom.
   139 | D        | Found a sacrificial altar of Ru.
   139 | D        | Found a stormy altar of Qazlal.
   140 | D        | Found a basalt altar of Yredelemnul.
   140 | D        | Found a shimmering blue altar of Sif Muna.
   140 | D        | Found a viscous altar of Jiyva.
   141 | D        | Found a glowing silver altar of Zin.
   141 | D        | Found a bloodstained altar of Trog.
   141 | D        | Found an ancient bone altar of Kikubaaqudgha.
   142 | D        | Found a hide-covered altar of Uskayaw.
   142 | D        | Found a corrupted altar of Lugonu.
   142 | D        | Found a shadowy altar of Dithmenos.
   143 | D        | Found a radiant altar of Vehumet.
   143 | D        | Found a burning altar of Makhleb.
   143 | D        | Found a white marble altar of Elyvilon.
   144 | D        | Found a sparkling altar of Nemelex Xobeh.
   144 | D        | Found a blossoming altar of Fedhas.
   145 | D        | Found an iron altar of Okawaru.
   145 | D        | Found an opulent altar of Gozag.
   147 | D        | Found a hazy altar of Hepliaklqana.
   147 | D        | Found a snail-covered altar of Cheibriados.
   153 | D        | Became a worshipper of Sif Muna the Loreminder
   167 | D        | Noticed a kraken
   305 | D        | Learned a level 3 spell: Teleport Other
   590 | D        | Noticed a yaktaur
   590 | D        | Noticed a hornet
   590 | D        | Noticed a polar bear
   590 | D        | Noticed a polar bear
   598 | D        | Killed a polar bear
   599 | D        | Reached skill level 5 in Conjurations
   602 | D        | Killed a polar bear
   603 | D        | Reached skill level 13 in Fire Magic
   606 | D        | Killed a hornet
   606 | D        | Reached * piety under Sif Muna
   801 | D        | Learned a level 4 spell: Animate Dead
   817 | D        | HP: 2/48 [yaktaur/bolt (13)]
   822 | D        | Killed a yaktaur
   823 | D        | Reached skill level 1 in Necromancy
   823 | D        | Reached skill level 1 in Translocations
   823 | D        | Reached skill level 1 in Invocations
   823 | D        | Reached XP level 9. HP: 3/54 MP: 13/22
   825 | D        | Killed a kraken
  1182 | D        | Reached ** piety under Sif Muna
  1299 | D        | Noticed a polar bear
  1306 | D        | Slain by a polar bear

Illustrated notes

Levels and vault maps discovered:
D:        the_violet_keep_of_menkaure [sprint2_stairs_cluster_1,
          sprint2_shoproom, sprint2_temple, sprint2_basic_supplies,
          sprint2_obstacle_6, sprint2_obstacle_7, sprint2_obstacle_4,
          sprint2_obstacle_2, sprint2_obstacle_1, sprint2_timed_cluster_1,
          sprint2_smallroom_cluster_1, sprint2_smallroom_final_cluster_1,
          sprint2_transparent_cluster_1, sprint2_second_timed_cluster_1,
          sprint2_sniper_area_1, sprint2_heavy_combat_area_1,
          sprint2_mutation_trap_area_1, sprint2_forest_area_1,
          sprint2_light_combat_area_1, sprint2_behind_water_1,
          sprint2_near_end_vault_1]

Skill      XL: |  1  2  3  4  5  6  7  8  9 |
---------------+----------------------------+-----
Dodging        | 3 4 5 6 |  6.4
Stealth        | 4 5 6 7 |  7.8
Spellcasting   | 3 4 5 6 7 9 |  9.4
Fire Magic     | 6 7 9 11 12 13 | 13.5
Conjurations   | 2 3 4 6 7 |  7.0
Hexes          | 1 2 3 |  3.1
Fighting       | 1 |  1.7
Necromancy     | 1 2 |  2.4
Translocations | 1 2 |  2.4
Invocations    | 1 2 |  2.7

Action                   |  1- 3 |  4- 6 |  7- 9 || total
-------------------------+-------+-------+-------++-------
Melee: Unarmed           |     4 |    13 |       ||    17
       Tentacles         |     2 |     6 |     1 ||     9
       Constrict         |     1 |     3 |       ||     4
       Dagger            |       |       |     1 ||     1
 Cast: Foxfire           |     2 |     1 |    19 ||    22
       Flame Wave        |       |     2 |    11 ||    13
       Inner Flame       |       |     1 |    10 ||    11
       Scorch            |       |     1 |     4 ||     5
       Teleport Other    |       |       |     1 ||     1
  Use: Potion            |     2 |     1 |     8 ||    11
       Scroll            |       |       |     8 ||     8
Armor: Skin              |       |     1 |     3 ||     4
Dodge: Dodged            |       |     8 |    17 ||    25

Table legend: (Time is in decaauts)
 A = Elapsed time spent in this place.
 B = Non-inter-level travel time spent in this place.
 C = Inter-level travel time spent in this place.
 D = Time resting spent in this place.
 E = Time spent auto-exploring this place.
 F = Levels seen in this place.
 G = Mean time per level.
                   A        B        C        D        E       F      G
               +--------+--------+--------+--------+--------+-----+--------+
         Total |   1304 |   1304 |      0 |    737 |      0 |   1 | 1304.0 |
       Dungeon |   1304 |   1304 |      0 |    737 |      0 |   1 | 1304.0 |
               +--------+--------+--------+--------+--------+-----+--------+

Top non-repeatable levels by time:
       D: 1304 daAuts
